AoeStats
← De_Witt

Arabia

508303350Analyzed
1v1 RM · 10d ago on Sep 21, 2026· 25m 18s· 2 players
Game mode
Random Map
Map size
Tiny (2 player)
Population
200
Speed
Normal
Resources
Standard
Victory
Conquest
Starting age
Dark Age
Ending age
Imperial Age
RankedLock teamsTeams togetherTeam positionsShared explorationLock speedFull tech treeHidden civsTurbo modeCheats
Victory
Defeat
🇦🇷 Burgundians · Argentina
1193
+17
🇦🇷 Turks · Argentina
1210
-17
De_Witt
7:12 Loom
9:17 Feudal Age
10:37 Double-Bit Axe
16:32 Wheelbarrow
20:14 Castle Age
18:47 Bow Saw
19:34 Forging
19:48 Scale Barding Armor
19:38 Gold Mining
20:17 Cavalier
21:31 Town Watch
22:20 Chain Barding Armor
22:11 Horse Collar
24:09 Gold Shaft Mining
23:40 Husbandry
Vicious
7:07 Loom
7:13 Loom
10:12 Feudal Age
10:48 Double-Bit Axe
18:11 Wheelbarrow
19:02 Gold Mining
21:23 Castle Age
19:40 Scale Barding Armor
19:37 Horse Collar
20:28 Bloodlines
21:41 Forging
22:20 Bow Saw
24:02 Husbandry
Connection lost

Rejoining the realm…

Still unreachable

The connection could not be restored.

Session expired

The server has moved on; the page needs a fresh start.